 Dungeon Crawl Stone Soup version 0.28-a0-863-g8cecda6153 (webtiles) character file.

Game seed: 12937657667070620596

83 Jargonaut the Gusty (level 4, -1/37 HPs)
             Began as a Tengu Air Elementalist on Nov 19, 2021.
             Slain by a wyvern skeleton (5 damage)
             ... on level 3 of the Dungeon.
             The game lasted 00:11:22 (2608 turns).

Jargonaut the Gusty (Tengu Air Elementalist)        Turns: 2608, Time: 00:11:23

Health: -1/37      AC: 22    Str:  9    XL:     4   Next: 44%
Magic:  2/9        EV:  2    Int: 16    God:
Gold:   138        SH:  0    Dex: 14    Spells: 2/9 levels left

rFire   . . .      SeeInvis .   b - +0 spear
rCold   . . .      Faith    .   (no shield)
rNeg    . . .      Spirit   .   (armour currently unavailable)
rPois   +          Reflect  .   (helmet currently unavailable)
rElec   .          Harm     .   (cloak currently unavailable)
rCorr   .          Rampage  .   (gloves currently unavailable)
Will    .....      NoTele   +   (boots unavailable)
Stlth   ++........              (no amulet)
HPRegen 0.12/turn               (no ring)
MPRegen 0.11/turn               (no ring)

@: tree-form
A: stationary, stasis, torment immunity, boosted hp, (beak), (talons 3)
a: no special abilities


You were on level 3 of the Dungeon.
You were a tree.
You visited 1 branch of the dungeon, and saw 3 of its levels.

You collected 138 gold pieces.

Inventory:

Hand Weapons
 b - a +0 spear (weapon)
Missiles
 c - 140 stones
 l - 20 arrows
 n - 3 javelins
Armour
 a - a +0 robe (melded)
Scrolls
 e - a scroll of enchant weapon
 g - a scroll of teleportation
 h - a scroll of enchant armour {unknown}
 k - a scroll of blinking {unknown}
Potions
 d - a potion of curing
 f - a potion of ambrosia
 i - a potion of lignification
 j - a potion of haste {unknown}
 m - a potion of heal wounds {unknown}


   Skills:
 - Level 1.0 Fighting
 - Level 2.1 Dodging
 - Level 2.0 Stealth
 + Level 3.0 Spellcasting
 + Level 3.3 Conjurations
 + Level 4.6 Air Magic


You had 2 spell levels left.
You knew the following spells:

 Your Spells              Type           Power      Damage    Failure   Level
a - Shock                 Conj/Air       60%        1d6       3%          1
b - Static Discharge      Conj/Air       15%        N/A       5%          2
c - Airstrike             Air            8%         N/A       28%         4

Your spell library contained the following spells:

 Spells                   Type           Power      Damage    Failure   Level
 Swiftness                Air            17%        N/A       9%          3
 Dazzling Flash           Conj/Hex       14%        N/A       28%         3
 Summon Guardian Golem    Hex/Summ       2%         N/A       50%         3
 Summon Lightning Spire   Summ/Air       9%         N/A       58%         4
 Hailstorm                Conj/Ice       7%         3d4       67%         4
 Irradiate                Conj/Tmut      3%         3d14      95%         5


Dungeon Overview and Level Annotations

Branches:
Dungeon (3/15)

Altars:


Innate Abilities, Weirdness & Mutations

You are a tree.
Your roots penetrate the ground, keeping you stationary.
You cannot be teleported.
You are immune to unholy pain and torment.
Your maximum health is greatly increased.
Your equipment is partially melded.
((You have a beak for a mouth.))
((You have claws for feet.))


Message History

The zap hits the wyvern skeleton.
The wyvern skeleton is lightly damaged.
Aiming: Shock (safe; 3% risk of failure)
Press: ? - help, Q - select action, (/) - cycle Shift-Dir - straight line
Okay, then.
Unknown command.
Casting: Shock (safe; 3% risk of failure)
Confirm with . or Enter, or press ? or * to list all spells.
The wyvern skeleton is struck by an arc of lightning.
The wyvern skeleton is lightly damaged.
You are struck by an arc of lightning.
The lightning grounds out.
The wyvern skeleton bites you!
Ouch! That really hurt!
Casting: Static Discharge (safe; 5% risk of failure)
Confirm with . or Enter, or press ? or * to list all spells.
Aiming: Shock (safe; 3% risk of failure)
Press: ? - help, Shift-Dir - straight line The zap hits the wyvern skeleton.
The wyvern skeleton is moderately damaged.
The wyvern skeleton closely misses you. The wyvern skeleton barely misses you.
Unknown command.
It was a potion of curing.
You feel better. The wyvern skeleton bites you!
Ouch! That really hurt!
* * * LOW HITPOINT WARNING * * *
It was a potion of lignification.
You turn into a tree.
Your +0 robe melds into your body.
Your roots penetrate the ground.
The wyvern skeleton bites you but does no damage.
You hit the wyvern skeleton.
The wyvern skeleton is moderately damaged.
The wyvern skeleton bites you but does no damage.
The wyvern skeleton barely misses you.
You hit the wyvern skeleton but do no damage.
The wyvern skeleton is moderately damaged.
The wyvern skeleton bites you but does no damage.
You barely miss the wyvern skeleton.
The wyvern skeleton is moderately damaged.
The wyvern skeleton bites you.
* * * LOW HITPOINT WARNING * * *
The wyvern skeleton bites you.
You die...

# #.
########### #.
#.........#
#..
#.#######.#
...#..### #.#
#.# ........#
#.# #.# #Z#
#.# #.# #♣#
#.# #.# #.#
#.# #.# ##.##
#.# ###.#
#####...###.#
#...#
........†....#
#...#
.#####...#####
#...# ##.##
#######.##
...#
#........#
#####
#.#####..#


You could see a wyvern skeleton.

Vanquished Creatures
  3 adders
  A worm (D:3)
  3 dart slugs (D:1)
  An orc (D:3)
  2 ball pythons (D:2)
  2 bats (D:1)
  2 endoplasms
  5 giant cockroaches
  4 goblins (D:1)
  4 hobgoblins (D:1)
  4 quokkas
  3 frilled lizards
  2 kobolds
  10 rats
46 creatures vanquished.

Notes
Turn   | Place    | Note
-------+----------+-------------------------------------------
     0 | D:1      | Jargonaut the Tengu Air Elementalist began the quest for
                  | the Orb.
     0 | D:1      | Reached XP level 1. HP: 10/10 MP: 4/4
   174 | D:1      | Reached XP level 2. HP: 16/16 MP: 3/6
   177 | D:1      | Learned a level 2 spell: Static Discharge
   323 | D:1      | Reached skill level 1 in Fighting
   326 | D:1      | Got the Catalogue of Damaging Summoning
   604 | D:1      | Reached XP level 3. HP: 20/20 MP: 1/7
   664 | D:1      | Found a faded altar of an unknown god.
  1726 | D:2      | Reached XP level 4. HP: 25/25 MP: 5/9
  2261 | D:2      | Learned a level 4 spell: Airstrike
  2608 | D:3      | Slain by a wyvern skeleton

Illustrated notes

Levels and vault maps discovered:
D:1:      psy_arrival_whirlpool, layout_rooms, ebering_ecumenical_altar_rust,
          chequers_jeans, minmay_indecisive_spiral
D:2:      layout_basic, chequers_serial_rivers_room_b, item_on_display_a
D:3:      layout_loops_ring

Skill      XL: |  1  2  3  4 |
---------------+-------------+-----
Conjurations   | 2 3 |  3.3
Fighting       | 1 |  1.0
Spellcasting   | 3 |  3.0
Dodging        | |  2.1
Stealth        | |  2.0
Air Magic      | |  4.6

Action                   |  1- 3 |  4- 6 || total
-------------------------+-------+-------++-------
Melee: Spear             |    19 |     3 ||    22
       Peck              |     5 |       ||     5
       Kick              |     3 |       ||     3
 Cast: Shock             |    65 |    24 ||    89
       Static Discharge  |       |     1 ||     1
  Use: Scroll            |       |     3 ||     3
       Potion            |       |     2 ||     2
Armor: Robe              |     4 |     1 ||     5
       Skin              |       |     3 ||     3
Dodge: Dodged            |    12 |     8 ||    20

Table legend: (Time is in decaauts)
 A = Elapsed time spent in this place.
 B = Non-inter-level travel time spent in this place.
 C = Inter-level travel time spent in this place.
 D = Time resting spent in this place.
 E = Time spent auto-exploring this place.
 F = Levels seen in this place.
 G = Mean time per level.
                   A        B        C        D        E       F      G
               +--------+--------+--------+--------+--------+-----+--------+
         Total |   2615 |   2590 |     25 |    966 |   1358 |   3 |  871.7 |
       Dungeon |   2615 |   2590 |     25 |    966 |   1358 |   3 |  871.7 |
               +--------+--------+--------+--------+--------+-----+--------+

Top non-repeatable levels by time:
     D:2: 1231 daAuts
     D:1: 1150 daAuts
     D:3: 234 daAuts
